 Dungeon Crawl Stone Soup version 0.22-a0-271-gc000056 (webtiles) character file.

383 CanOfBees the Skirmisher (level 6, -1/56 HPs)
             Began as a Ghoul Monk on Mar 12, 2018.
             Slain by a gnoll
             ... wielding a +0 spear
              (2 damage)
             ... on level 3 of the Dungeon.
             The game lasted 00:07:57 (2992 turns).

CanOfBees the Skirmisher (Ghoul Monk)               Turns: 2992, Time: 00:07:58

Health: -1/56      AC: 11    Str: 17    XL:     6   Next: 76%
Magic:  5/5        EV:  8    Int:  5    God:
Gold:   119        SH:  0    Dex: 11    Spells: 5/5 levels left

rFire    . . .     SeeInvis .     - Unarmed
rCold    + + .     Gourm    .   (no shield)
rNeg     + + +     Faith    .   e - +2 chain mail {rC+}
rPois    ∞         Spirit   .   h - +0 helmet
rElec    .         Reflect  .   (no cloak)
rCorr    .         Harm     .   (no gloves)
MR       .....                  l - -2 pair of boots (curse)
Stlth    ..........             (no amulet)
HPRegen  0.00/turn              c - ring of loudness (curse)
MPRegen  0.09/turn              (no ring)

@: rotting, hasted, very quick
A: rotting body, claws 1, carnivore, cold resistance 1, negative energy
resistance 3, inhibited regeneration, torment resistance, unbreathing
a: no special abilities


You were on level 3 of the Dungeon.
You were not hungry.

You visited 1 branch of the dungeon, and saw 3 of its levels.

You collected 119 gold pieces.

Inventory:

Missiles
 f - 21 poisoned needles
 j - a throwing net (quivered)
 r - 17 sling bullets
Armour
 e - a +2 chain mail of cold resistance (worn)
 h - a +0 helmet (worn)
 l - a cursed -2 pair of boots (worn)
Jewellery
 c - a cursed ring of loudness (left claw)
Scrolls
 a - 4 scrolls of identify
 g - a scroll of remove curse
Potions
 d - 2 potions of curing
 k - a potion of heal wounds {unknown}
 m - a potion of lignification {unknown}
 n - a potion of agility {unknown}
 o - a potion of haste
 p - a potion of berserk rage
Comestibles
 b - 5 rations
 q - 17 chunks of flesh


   Skills:
 + Level 5.4 Fighting
 - Level 3.0 Armour
 - Level 3.0 Dodging
 - Level 2.1 Stealth
 + Level 5.3 Unarmed Combat


You had 5 spell levels left.
You didn't know any spells.

Dungeon Overview and Level Annotations

Branches:
Dungeon (3/15)

Altars:
Qazlal
Ru
Wu Jian
Yredelemnul

Annotations:
D:3 Alex's ghost, amateur MiFi


Innate Abilities, Weirdness & Mutations

Your body is rotting away.
You thrive on raw meat.
You are immune to poison.
You have sharp fingernails.
You are carnivorous and can eat meat at any time.
Your flesh is cold resistant. (rC+)
You are immune to negative energy. (rN+++)
You do not regenerate when monsters are visible.
You are immune to unholy pain and torment.
You can survive without breathing.


Message History

You cannot raise a blood rage in your lifeless body.
The gnoll barely misses you.
You claw the gnoll!
The gnoll is severely wounded.
The gnoll barely misses you. The gnoll hits you but does no damage.
You scratch the gnoll.
You kill the gnoll!
Things that are here:
a club; a gnoll corpse x2
The gnoll misses you. The gnoll completely misses you.
The gnoll barely misses you.
There is an open door here.
You scratch the gnoll.
The gnoll is heavily wounded.
The gnoll hits you with a halberd!
* * * LOW HITPOINT WARNING * * *
You claw the gnoll!
The gnoll is almost dead.
The gnoll closely misses you. The gnoll hits you with a spear.
You die...

#....≈≈≈.#.# ..
#....≈≈≈.#.# .g
#....≈≈≈.#.###
#....≈≈≈.#... #.P..≈≈≈.#..
#....≈≈≈.#.################
#....≈≈≈.#g#...........#...
#....≈≈≈.#ggg..........'...
#....≈≈###@#...........#...
#...P≈≈#§§g#############'''
#....≈≈#§).#...............
#....≈≈#####≈≈≈≈≈≈≈≈≈≈≈≈...
#....≈≈≈≈≈≈≈≈≈≈≈≈≈≈≈≈≈≈≈...
#P...≈≈≈≈≈≈≈≈≈≈≈≈≈≈≈≈≈≈≈...
#..........................
#############...>..........
#.##........(..


You could see 5 gnolls.

Vanquished Creatures
  Terence (D:3)
  Robin (D:2)
  17 gnolls (D:3)
  5 adders
  An adder skeleton (D:3)
  3 dart slugs
  3 leopard geckos
  A ball python (D:3)
  5 giant cockroaches
  16 goblins
  12 hobgoblins
  27 jackals
  17 kobolds
  6 bats
  2 frilled lizards
  A quokka skeleton (D:3)
  7 rats
125 creatures vanquished.

Vanquished Creatures (others)
  A goblin (D:2)
1 creature vanquished.

Grand Total: 126 creatures vanquished

Notes
Turn   | Place    | Note
-------+----------+-------------------------------------------
     0 | D:1      | CanOfBees the Ghoul Monk began the quest for the Orb.
     0 | D:1      | Reached XP level 1. HP: 19/19 MP: 0/0
    30 | D:1      | Reached XP level 2. HP: 20/26 MP: 1/1
   266 | D:1      | Reached XP level 3. HP: 25/33 MP: 2/2
   567 | D:1      | Reached skill level 1 in Armour
   929 | D:2      | Reached XP level 4. HP: 34/40 MP: 3/3
  1121 | D:2      | Noticed Robin
  1167 | D:2      | Killed Robin
  1306 | D:2      | Found an ornate altar of the Wu Jian Council.
  1315 | D:2      | Found a stormy altar of Qazlal.
  1446 | D:2      | Reached XP level 5. HP: 45/47 MP: 4/4
  1824 | D:3      | Found a sacrificial altar of Ru.
  1824 | D:3      | Noticed Alex's ghost (amateur MiFi)
  2394 | D:3      | Found a basalt altar of Yredelemnul.
  2398 | D:3      | Noticed Terence
  2420 | D:3      | Killed Terence
  2510 | D:3      | Reached XP level 6. HP: 48/55 MP: 5/5
  2580 | D:3      | Reached skill level 5 in Fighting
  2851 | D:3      | Reached skill level 5 in Unarmed Combat
  2991 | D:3      | HP: 1/56 [gnoll/halberd (9)]
  2992 | D:3      | Slain by a gnoll

Vault maps used:
D:1:      dpeg_arrival_shelter
D:2:      amethyst_overflow_temple_binary, uniq_robin
D:3:      lemuel_castle_with_subvaults, nicolae_ru_awakened_eye,
          yredelemnul_altar_generic, uniq_terence

Skill      XL: |  1  2  3  4  5  6 |
---------------+-------------------+-----
Dodging        | 3 |  3.0
Armour         | 1 2 3 |  3.0
Fighting       | 4 5 |  5.4
Unarmed Combat | 4 5 |  5.3
Stealth        | |  2.1

Action                   |  1- 3 |  4- 6 || total
-------------------------+-------+-------++-------
Melee: Unarmed           |   175 |   317 ||   492
       Punch             |       |     5 ||     5
  Use: Scroll            |       |     3 ||     3
       Potion            |       |     3 ||     3
  Eat: Chunk             |     9 |    35 ||    44
Armor: Robe              |     2 |       ||     2
       Chain mail        |   105 |   219 ||   324
Dodge: Dodged            |    71 |   182 ||   253

Table legend:
 A = Spawn XP
 B = Non-spawn XP
 C = Spawn XP percentage of total XP
 D = Spawn monster count
 E = Non-spawn monster count
 F = Spawn count percentage of total count
 G = Total turns spent on level
                    A         B        C        D         E        F      G
               +---------+---------+-------+---------+---------+-------+---------
         Total |       0 |     548 |   0.0 |       0 |     126 |   0.0 |  2992
               +---------+---------+-------+---------+---------+-------+---------
           D:1 |       0 |      62 |   0.0 |       0 |      34 |   0.0 |   681
           D:2 |       0 |     133 |   0.0 |       0 |      47 |   0.0 |  1469
           D:3 |       0 |     353 |   0.0 |       0 |      45 |   0.0 |   842
               +---------+---------+-------+---------+---------+-------+---------
